 Dungeon Crawl Stone Soup version 0.25.1-2-g60ff931df9 (webtiles) character file.

Game seed: 7042159535875857619

4479 Solrac the Cleaver (level 10, 0/64 HPs)
             Began as a Gargoyle Fighter on Nov 7, 2020.
             Was a Believer of Okawaru.
             Slain by a death yak (8 damage)
             ... on level 7 of the Dungeon.
             The game lasted 00:50:12 (9372 turns).

Solrac the Cleaver (Gargoyle Fighter)               Turns: 9372, Time: 00:50:13

Health: 0/64       AC: 24    Str: 21    XL:     10   Next: 38%
Magic:  9/10       EV:  5    Int:  9    God:    Okawaru [**....]
Gold:   451        SH: 16    Dex: 11    Spells: 9/9 levels left

rFire    . . .     SeeInvis +   a - +0 war axe
rCold    . . .     Gourm    .   c - +0 kite shield
rNeg     + . .     Faith    .   l - +0 plate armour
rPois    ∞         Spirit   .   e - +1 helmet
rElec    +         Reflect  +   (no cloak)
rCorr    .         Harm     .   (no gloves)
MR       +....                  B - +0 pair of boots
Stlth    ..........             y - amulet of reflection
HPRegen  0.20/turn              w - ring of protection from magic
MPRegen  0.12/turn              E - ring of see invisible

@: mighty, starving
A: negative energy resistance 1, electricity resistance, unbreathing,
petrification resistance, rot immunity, AC +7
a: Heroism, Renounce Religion


You were on level 7 of the Dungeon.
You worshipped Okawaru.
Okawaru was pleased with you.
You were starving.

You visited 2 branches of the dungeon, and saw 9 of its levels.

You collected 451 gold pieces.

Inventory:

Hand Weapons
 a - a +0 war axe (weapon)
 b - a +0 hunting sling
 C - a +0 dagger
Missiles
 m - 10 sling bullets
 q - 37 bolts
 u - 53 poisoned darts (quivered)
 H - a throwing net
Armour
 c - a +0 kite shield (worn)
 e - a +1 helmet (worn)
 l - a +0 plate armour (worn)
 B - a +0 pair of boots (worn)
Jewellery
 t - a +6 ring of strength
 w - a ring of protection from magic (left hand)
 y - an amulet of reflection (around neck)
 E - a ring of see invisible (right hand)
 G - an uncursed ring of ice
Wands
 x - a wand of clouds (4)
 D - a wand of paralysis (1)
Scrolls
 g - 2 scrolls of fear
 h - 3 scrolls of enchant armour
 j - 5 scrolls of remove curse
 k - 2 scrolls of enchant weapon
 r - a scroll of magic mapping {unknown}
 z - 3 scrolls of teleportation
 A - a scroll of blinking {unknown}
 F - a scroll of random uselessness {unknown}
 K - a scroll of acquirement {unknown}
Potions
 i - a potion of haste
 n - 7 potions of curing
 o - 2 potions of mutation
 p - 3 potions of lignification
 s - a potion of magic
Comestibles
 f - 9 rations


   Skills:
 + Level 8.0 Fighting
 * Level 8.9 Axes
 + Level 8.0 Armour
 + Level 8.0 Shields


You had 9 spell levels left.
You didn't know any spells.
Your spell library was empty.

Dungeon Overview and Level Annotations

Branches:
Dungeon (8/15)             Temple (1/1) D:7
   Lair: D:8-11

Altars:
Ashenzari
Cheibriados
Dithmenos
Elyvilon
Fedhas
Gozag
Hepliaklqana
Kikubaaqudgha
Makhleb
Okawaru
Ru
Sif Muna
Trog
Vehumet
Wu Jian
Xom
Yredelemnul
The Shining One

Shops:
D:5 *

Annotations:
D:4 exclusion: door
D:7 1 runed translucent door, exclusion: door, Crazy Yiuf


Innate Abilities, Weirdness & Mutations

You are resistant to torment.
Your stone body is resilient. (AC +7)
You are immune to poison.
You resist negative energy. (rN+)
You are resistant to electric shocks. (rElec)
You can survive without breathing.
You are immune to petrification.
You are immune to rotting.


Message History

You hit the death yak.
The death yak is lightly wounded.
You barely miss the death yak.
The death yak is lightly wounded.
You block the death yak's attack.
You hit the death yak.
The death yak is lightly wounded.
You feel like a meek peon again.
The death yak gores you but does no damage.
Your shield and plate armour prevent you from hitting the death yak.
The death yak is lightly wounded.
You block the death yak's attack.
Okay, then.
You feel very mighty all of a sudden.
The death yak gores you but does no damage.
You are starving!
You completely miss the death yak.
The death yak is lightly wounded.
The death yak gores you!
You die...

.....>Y###......###.......##
####...# #.......#.......##
#...# #..............##
####...###...#........#.#
..#..........####..##.###
.##.#........## #....##
.#..###.......###.....##
.#...........##.#......#
......#.)......Y@.....##
......#.......#........###
.##...#.......#..........#
###...#.......#..........#
##.....##......####.....#
##.....####......# #....##
#........#.......# ##...#
#........##....### #..##
#........#>......# ##.#


You could see a death yak.

Vanquished Creatures
  Maggie (D:7)
  A centaur skeleton (D:8)
  5 yaks
  A hungry ghost (D:7)
  2 water moccasins
  An orc warrior (D:6)
  An ice beast (D:7)
  3 sky beasts
  A phantom (D:5)
  2 ogres
  3 centaurs (D:6)
  4 bullfrogs
  3 scorpions
  12 killer bees (D:7)
  2 crimson imps (D:5)
  A centaur zombie (D:7)
  An orc priest (D:3)
  2 bullfrog skeletons
  4 hounds
  2 jellies (D:7)
  3 iguanas
  Ijyb (D:4)
  10 worker ants
  Robin (D:2)
  A hound zombie (D:6)
  3 gnolls (D:7)
  11 adders
  A shadow imp (D:7)
  An ooze (D:1)
  4 worms
  3 dart slugs
  3 leopard geckos
  7 orcs
  A ball python (D:1)
  2 giant cockroaches
  19 goblins
  8 hobgoblins
  13 jackals
  6 kobolds
  4 quokkas
  7 bats
  5 frilled lizards
  A jackal skeleton (D:8)
  A quokka skeleton (D:5)
  A quokka zombie (D:5)
  3 rats
172 creatures vanquished.

Vanquished Creatures (others)
  5 toadstools (D:7)
5 creatures vanquished.

Grand Total: 177 creatures vanquished

Notes
Turn   | Place    | Note
-------+----------+-------------------------------------------
     0 | D:1      | Solrac the Gargoyle Fighter began the quest for the Orb.
     0 | D:1      | Reached XP level 1. HP: 14/14 MP: 1/1
   334 | D:1      | Reached XP level 2. HP: 19/19 MP: 2/2
   885 | D:2      | Reached XP level 3. HP: 19/23 MP: 3/3
  1058 | D:2      | Noticed Robin
  1081 | D:2      | Killed Robin
  1269 | D:2      | Reached XP level 4. HP: 29/29 MP: 4/4
  2167 | D:3      | Reached XP level 5. HP: 33/33 MP: 5/5
  2168 | D:3      | Noticed a centaur
  3776 | D:4      | Reached XP level 6. HP: 39/39 MP: 6/6
  4235 | D:4      | Noticed Ijyb
  4244 | D:4      | Paralysed by Ijyb for 7 turns
  4255 | D:4      | Paralysed by Ijyb for 4 turns
  4262 | D:4      | Killed Ijyb
  4526 | D:4      | Found a shimmering blue altar of Sif Muna.
  4700 | D:5      | Entered Level 5 of the Dungeon
  4909 | D:5      | Reached XP level 7. HP: 44/44 MP: 7/7
  5050 | D:5      | Reached skill level 5 in Fighting
  5050 | D:5      | Reached skill level 5 in Armour
  5050 | D:5      | Reached skill level 5 in Shields
  5108 | D:5      | Found Ostremuyn's General Store.
  5152 | D:5      | Reached skill level 5 in Axes
  5493 | D:5      | Reached XP level 8. HP: 45/49 MP: 8/8
  5583 | D:5      | Found an opulent altar of Gozag.
  5827 | D:6      | Noticed a yak
  5827 | D:6      | Noticed a yak
  5858 | D:6      | Killed a yak
  5876 | D:6      | Noticed a yak
  5877 | D:6      | Noticed a yak
  5879 | D:6      | Noticed a yak
  5899 | D:6      | Killed a yak
  6007 | D:5      | Killed a yak
  6493 | D:6      | Reached XP level 9. HP: 49/56 MP: 9/9
  6815 | D:7      | Found a staircase to the Ecumenical Temple.
  6833 | Temple   | Entered the Ecumenical Temple
  7015 | Temple   | Became a worshipper of Warmaster Okawaru
  7047 | D:7      | Found an opulent altar of Gozag.
  7048 | D:7      | Noticed Maggie
  7068 | D:7      | Killed Maggie
  7474 | D:7      | Reached * piety under Okawaru
  7672 | D:7      | Reached XP level 10. HP: 62/63 MP: 10/10
  7821 | D:7      | Found a runed translucent door.
  8300 | D:7      | Noticed Crazy Yiuf
  8424 | D:8      | Noticed a two-headed ogre
  8620 | D:8      | Noticed a death yak
  8620 | D:8      | Noticed a death yak
  8620 | D:8      | Noticed a death yak
  8620 | D:8      | Noticed a death yak
  8620 | D:8      | Noticed a death yak
  8639 | D:7      | Reached ** piety under Okawaru
  8641 | D:8      | Noticed a death yak
  8641 | D:8      | Noticed a death yak
  9372 | D:7      | Slain by a death yak

Illustrated notes

Levels and vault maps discovered:
D:1:      nzn_arrival_depleted_hourglass, layout_basic,
          chequers_serial_rivers_room_b, roderic_serpentine_path, st_stairs_1
D:2:      layout_basic, serial_rivers, chequers_serial_rivers_small_b,
          chequers_serial_rivers_small_3, chequers_serial_rivers_large_a,
          chequers_serial_rivers_micro_e, first_ration, uniq_robin
D:3:      layout_basic
D:4:      kennysheep_goblin_castle, layout_loops_ring, led_sif_book
D:5:      layout_rooms, lemuel_coloured_pillars_altar, serial_shops, shop
D:6:      minmay_inner_zag, layout_rooms
D:7:      layout_cave_pools, minmay_temple_entry_waves, basic_altar,
          minmay_gold_behind_fungi, uniq_crazy_yiuf_cottage, uniq_maggie
D:8:      layout_rooms, dpeg_lair_monsters, basic_altar, grunt_pizzeria,
          kb_xom_exploding_sheep
Temple:   regret_index_temple_sphere_string

Skill      XL: |  1  2  3  4  5  6  7  8  9 10 |
---------------+-------------------------------+-----
Axes           | 2 3 4 5 6 8 |  8.9
Fighting       | 4 5 6 7 8 |  8.0
Armour         | 4 5 6 7 8 |  8.0
Shields        | 4 5 6 7 8 |  8.0

Action                   |  1- 3 |  4- 6 |  7- 9 | 10-12 || total
-------------------------+-------+-------+-------+-------++-------
Melee: War axe           |    98 |   264 |   287 |   180 ||   829
 Fire: Hunting sling     |       |    10 |    20 |       ||    30
Throw: Stone             |    26 |     2 |       |       ||    28
       Dart              |       |    12 |    48 |    12 ||    72
Invok: Heroism           |       |       |       |     1 ||     1
Evoke: Wand              |       |       |     3 |       ||     3
  Use: Scroll            |       |     7 |     3 |     3 ||    13
       Potion            |       |       |       |     1 ||     1
 Stab: Paralysed         |       |       |     6 |       ||     6
  Eat: Chunk             |     1 |     9 |    10 |     5 ||    25
       Ration            |       |     1 |       |       ||     1
Armor: Scale mail        |    31 |       |       |       ||    31
       Chain mail        |    17 |   214 |    33 |       ||   264
       Plate armour      |       |       |   168 |   169 ||   337
Dodge: Dodged            |    25 |    67 |    49 |    65 ||   206
Block: Kite shield       |    32 |   148 |   187 |   216 ||   583
       Reflection        |       |       |     1 |       ||     1
